 Dungeon Crawl Stone Soup version 0.20.0-15-g7f486f2 (webtiles) character file.

105 renl the Ruffian (level 4, -1/33 HPs)
             Began as a Ghoul Earth Elementalist on July 6, 2017.
             Slain by a sky beast (5 damage)
             ... on level 3 of the Dungeon.
             The game lasted 00:10:16 (2146 turns).

renl the Ruffian (Ghoul Earth Elementalist)         Turns: 2146, Time: 00:10:16

Health: -1/33      AC:  5    Str: 12    XL:     4   Next: 83%
Magic:  0/5        EV: 10    Int: 10    God:
Gold:   134        SH:  0    Dex:  9    Spells: 5/6 levels left

rFire    . . .     SeeInvis .     - Unarmed
rCold    + + .     Gourm    .   (no shield)
rNeg     + + +     Faith    .   r - +0 ring mail (curse)
rPois    ∞         Spirit   +   (no helmet)
rElec    .         Reflect  .   (no cloak)
rCorr    .         Harm     .   (no gloves)
MR       .....                  (no boots)
Stlth    +.........             m - amulet of guardian spirit
Regen    0.0/turn               s - ring of protection from cold
MPRegen  0.1/turn               (no ring)

@: rotting
A: rotting body, claws 1, carnivore 3, cold resistance 1, negative energy
resistance 3, inhibited regeneration, torment resistance, unbreathing
a: no special abilities


You were on level 3 of the Dungeon.
You were not hungry.

You visited 1 branch of the dungeon, and saw 3 of its levels.

You collected 134 gold pieces.

Inventory:

Missiles
 b - 86 stones (quivered)
Armour
 r - a cursed +0 ring mail (worn)
Jewellery
 m - an amulet of guardian spirit (around neck)
 s - a ring of protection from cold (left claw)
Scrolls
 a - a scroll of immolation {unknown}
 c - 2 scrolls of random uselessness {unknown}
 f - 3 scrolls of enchant weapon {unknown}
 g - a scroll of fog {unknown}
 i - a scroll of remove curse {unknown}
 j - a scroll of identify {unknown}
 k - a scroll of amnesia {unknown}
 t - a scroll of fear {unknown}
 u - a scroll of recharging {unknown}
Potions
 h - a potion of flight {unknown}
 l - 3 potions of might
 n - a potion of curing {unknown}
 o - 2 potions of heal wounds {unknown}
 q - a potion of brilliance {unknown}
Books
 e - a book of Geomancy

   Spells                             Type                      Level
   a - Sandblast                      Earth                        1
   b - Passwall                       Transmutation/Earth          2
   c - Stone Arrow                    Conjuration/Earth            3
   d - Petrify                        Transmutation/Earth          4
   e - Lee's Rapid Deconstruction     Earth                        5
Comestibles
 d - 2 meat rations


   Skills:
 + Level 0.2 Fighting
 + Level 0.3 Armour
 + Level 2.1 Dodging
 - Level 2.1 Stealth
 * Level 4.0 Unarmed Combat
 - Level 1.7 Spellcasting
   Level 0.8 Transmutations
 * Level 3.6 Earth Magic


You had 5 spell levels left.
You knew the following spells:

 Your Spells              Type           Power        Failure   Level  Hunger
a - Sandblast             Erth           #.....       16%         1    ##.....


Dungeon Overview and Level Annotations

Branches:
Dungeon (3/15)

Altars:


Innate Abilities, Weirdness & Mutations

Your body is rotting away.
You thrive on raw meat.
You are immune to poison.
You have sharp fingernails.
You are carnivorous and can eat meat at any time.
Your flesh is cold resistant. (rC+)
You are immune to negative energy. (rN+++)
You do not regenerate when monsters are visible.
You are immune to unholy pain and torment.
You can survive without breathing.


Message History

You miss something. Something hits you but does no damage.
You closely miss something.
You feel your flesh rotting away. Something hits you but does no damage.
You closely miss something. Something hits you. Something shocks you.
You barely miss something. You closely miss something. Something hits you.
Something shocks you.
Eat one of 2 chunks of flesh? (ye/n/q)
You eat one of the 2 chunks of flesh.
You feel more resilient.
This raw flesh tastes great!
Something hits you but does no damage.
Eat a chunk of flesh? (ye/n/q)
You eat the chunk of flesh.
This raw flesh tastes great!
Something hits you but does no damage.
You scratch something. Something hits you. Something shocks you.
You scratch something. Something hits you. Something shocks you.
* * * LOW HITPOINT WARNING * * *
You barely miss something. Something hits you.
* * * LOW HITPOINT WARNING * * *
Something shocks you.
You die...

#.....# ......###
#.....#
##......?####.....####
...........+.........
#.......)..#........#
#......... #........#
#...!...# #####.....
#...{...########.#...
#..@........#...+...
#.$.........#.#.#...
#...........#....#..
######......###.....
#......###.....
#........÷.....
#......###.....
###+#.## #.#... #.#.#
#.####


There were no monsters in sight!

Vanquished Creatures
  An orc wizard (D:2)
  2 adders
  2 oozes (D:2)
  A worm (D:3)
  2 dart slugs
  A leopard gecko (D:2)
  2 orcs (D:3)
  8 bats
  4 goblins
  5 hobgoblins
  A quokka (D:3)
  3 frilled lizards
  7 kobolds
  10 rats
49 creatures vanquished.

Notes
Turn   | Place    | Note
-------+----------+-------------------------------------------
     0 | D:1      | renl the Ghoul Earth Elementalist began the quest for the Orb.
     0 | D:1      | Reached XP level 1. HP: 14/14 MP: 2/2
   123 | D:1      | Reached skill level 1 in Unarmed Combat
   263 | D:1      | Reached XP level 2. HP: 20/20 MP: 3/3
   978 | D:2      | Reached skill level 2 in Unarmed Combat
  1031 | D:2      | Reached XP level 3. HP: 25/25 MP: 4/4
  1492 | D:2      | Reached skill level 3 in Unarmed Combat
  1698 | D:3      | Reached XP level 4. HP: 33/33 MP: 5/5
  2063 | D:3      | Reached skill level 4 in Unarmed Combat
  2131 | D:3      | Noticed a sky beast
  2146 | D:3      | Slain by a sky beast

Skill      XL: |  1  2  3  4 |
---------------+-------------+-----
Unarmed Combat | 1 2 3 4 |  4.0
Dodging        | 2 |  2.1
Fighting       | |  0.2
Armour         | |  0.3
Stealth        | |  2.1
Spellcasting   | |  1.7
Transmutations | |  0.8
Earth Magic    | |  3.6

Action                   |  1- 3 |  4- 6 || total
-------------------------+-------+-------++-------
Melee: Unarmed           |   164 |    88 ||   252
       Punch             |     1 |       ||     1
 Cast: Sandblast         |       |     1 ||     1
 Stab: Sleeping          |     3 |       ||     3
  Eat: Chunk             |    26 |    13 ||    39
Armor: Robe              |     2 |       ||     2
       Scale mail        |    51 |    18 ||    69
       Leather armour    |     3 |       ||     3
       Ring mail         |       |    20 ||    20
Dodge: Dodged            |    80 |    31 ||   111
